 Dungeon Crawl Stone Soup version 0.31.0-9-g3a7656b989 (webtiles) character file.

Game seed: 12224801459708446608

301 qw the Shooter (level 6, -1/30 HPs)
             Began as a Spriggan Hunter on Feb 2, 2024.
             Incinerated by a bombardier beetle (4 damage)
             ... with a burning spray
             ... on level 5 of the Dungeon.
             The game lasted 00:00:15 (3557 turns).

qw the Shooter (Spriggan Hunter)                    Turns: 3557, Time: 00:00:16

Health: -1/30      AC:  5    Str:  7    XL:     6   Next: 14%
Magic:  0/7        EV: 25    Int: 10    God:
Gold:   240        SH:  0    Dex: 21    Spells: 5/5 levels left

rFire   . . .        a - +0 shortbow
rCold   + . .        (shield currently unavailable)
rNeg    . . .        c - +0 robe
rPois   .            (helmet restricted)
rElec   .            d - +2 cloak
rCorr   .            (gloves unavailable)
SInv    +            (boots unavailable)
Will    +....        k - amulet of guardian spirit
Stlth   +            g - +5 ring of evasion
HPRegen 0.25/turn    j - ring of protection from cold
MPRegen 0.10/turn

%: guardian spirit
@: on fire, about to teleport, glowing, very quick
A: very small, no large weapons, unfitting armour, see invisible, speed 3
a: no special abilities


You were on level 5 of the Dungeon.
You visited 2 branches of the dungeon, and saw 6 of its levels.

You collected 240 gold pieces.


Innate Abilities, Weirdness & Mutations

You are very small and have problems with some larger weapons.
You are too small for most types of armour.
You have supernaturally acute eyesight. (SInv)
You cover ground extremely quickly. (Speed+++)


   Skills:
 - Level 2.0 Fighting
 - Level 6.5 Ranged Weapons
 + Level 5.0 Dodging
 - Level 1.5 Stealth


You had 5 spell levels left.
You didn't know any spells.
Your spell library was empty.

Inventory:

Hand Weapons
 a - a +0 shortbow (weapon)
Armour
 c - a +0 robe (worn)
 d - a +2 cloak (worn)
Jewellery
 b - a ring of resist corrosion
 g - a +5 ring of evasion (left hand)
 j - a ring of protection from cold (right hand)
 k - an amulet of guardian spirit (around neck)
Scrolls
 i - a scroll of enchant armour
Potions
 h - a potion of degeneration {unknown}
 l - a potion of might
 n - a potion of curing {unknown}
 o - a potion of mutation {unknown}

Dungeon Overview and Level Annotations

Branches:
Dungeon (5/15)             Temple (1/1) D:4

Altars:
Cheibriados
Elyvilon
Kikubaaqudgha
Makhleb
Qazlal
Trog
Vehumet
Xom
Zin
Lugonu

Shops:
D:4 :

Annotations:
D:5 Dowan


Message History

You feel strangely unstable. The liquid fire burns you! The jackal misses you.
The jackal completely misses you. The jackal closely misses you.
3550 ||| DRINKING potion of heal wounds.
You feel much better. The liquid fire burns you! The jackal misses you.
The jackal completely misses you. The bombardier beetle misses you.
You shoot an arrow.
The arrow barely misses the bombardier beetle.
The liquid fire burns you! The jackal misses you.
The jackal completely misses you. The jackal misses you.
The bombardier beetle bites you but does no damage.
The jackal bites you.
You shoot an arrow. The arrow hits the bombardier beetle.
The bombardier beetle is almost dead.
The liquid fire burns you!
Your surroundings suddenly seem different.
A jelly and an adder come into view.
The adder moves out of view.
You shoot an arrow. The arrow hits the jelly.
The jelly quivers.
The jelly is moderately wounded.
The liquid fire burns you!
You are on fire!
The liquid fire burns you!
You shoot an arrow. The arrow hits the jelly!
The jelly is severely wounded.
The liquid fire burns you!
3556 ||| READING scroll of teleportation.
As you read the scroll of teleportation, it crumbles to dust.
You feel strangely unstable. The liquid fire burns you!
You shoot an arrow. The adder hisses angrily.
The arrow hits the jelly!
You kill the jelly!
The liquid fire burns you!
You die...

. ## .. ..#
.S. ..# ##
... #..#..#
.. ##.......
##.#......#
#...@....#
.........####
.....#####
.##. .. .. .


You could see an adder.

Vanquished Creatures
  Duvessa (D:5)
  A jelly (D:5)
  A hound (D:4)
  5 adders
  2 ribbon worms (D:2)
  4 dart slugs
  9 orcs (D:3)
  12 endoplasms
  11 goblins
  12 hobgoblins
  4 jackals (D:1)
  7 kobolds
  6 quokkas
  3 ball pythons
  9 bats
  5 frilled lizards
  6 rats
98 creatures vanquished.

Notes
Turn   | Place    | Note
-------+----------+-------------------------------------------
     0 | D:1      | qw the Spriggan Hunter began the quest for the Orb.
     0 | D:1      | Reached XP level 1. HP: 10/10 MP: 2/2
     0 | D:1      | 0 ||| qw: Version: 0.3-a-155-g5e7d8dd
     0 | D:1      | 0 ||| qw: Game counter: 414
     0 | D:1      | 0 ||| qw: Melee chars always use a shield: true
     0 | D:1      | 0 ||| qw: God list: Okawaru
     0 | D:1      | 0 ||| qw: Allow faded altars: false
     0 | D:1      | 0 ||| qw: Do Orc after clearing Dungeon:15 true
     0 | D:1      | 0 ||| qw: Do second Lair branch before Depths: true
     0 | D:1      | 0 ||| qw: Lair rune preference: random
     0 | D:1      | 0 ||| qw: Goals: Normal
     0 | D:1      | 0 ||| PLANNING D:1-11
    39 | D:1      | Reached skill level 3 in Dodging
   101 | D:1      | Reached XP level 2. HP: 14/14 MP: 3/3
   499 | D:1      | Reached XP level 3. HP: 18/18 MP: 4/4
   857 | D:1      | 857 ||| UPGRADING to +1 cloak.
   862 | D:1      | 862 ||| UPGRADING to +5 ring of evasion.
   863 | D:1      | 863 ||| READING 3 scrolls labelled ITHUEKH HUICHI.
   868 | D:1      | 868 ||| READING scroll labelled UTESEMOUSCH.
   923 | D:1      | 923 ||| READING scroll labelled WEFRET KYVUEME.
   927 | D:1      | 927 ||| DROPPING scroll of butterflies.
  1471 | D:2      | Reached skill level 5 in Ranged Weapons
  1588 | D:2      | Reached XP level 4. HP: 22/22 MP: 5/5
  1844 | D:2      | 1844 ||| READING scroll labelled CORIEN HEFAIDAS.
  1844 | D:2      | 1844 ||| ENCHANTING +1 cloak.
  1845 | D:2      | 1845 ||| READING scroll labelled TOZUPNAELAT.
  2039 | D:3      | Found a shimmering altar of Xom.
  2111 | D:3      | Found a glowing silver altar of Zin.
  2578 | D:3      | 2578 ||| UPGRADING to amulet of guardian spirit.
  2583 | D:3      | 2583 ||| DROPPING amulet of magic regeneration.
  2584 | D:3      | 2584 ||| UPGRADING to ring of protection from cold.
  2585 | D:3      | 2585 ||| READING scroll labelled LEGYQ DALE.
  2586 | D:3      | 2586 ||| READING scroll labelled JITAMY ERUIWK.
  2586 | D:3      | 2586 ||| IDENTIFYING amethyst potion
  2587 | D:3      | 2587 ||| READING scroll labelled COSMUDW LIYH.
  2644 | D:4      | Found a staircase to the Ecumenical Temple.
  2645 | D:4      | 2645 ||| PLANNING TEMPLE
  2651 | Temple   | Entered the Ecumenical Temple
  2652 | Temple   | 2652 ||| PLANNING D:1-11
  2852 | D:4      | Reached XP level 5. HP: 26/26 MP: 6/6
  3008 | D:4      | Found Goyboapo's Book Boutique.
  3477 | D:4      | 3477 ||| DROPPING scarf of harm.
  3478 | D:4      | 3478 ||| DRINKING 2 clear potions.
  3521 | D:5      | Entered Level 5 of the Dungeon
  3521 | D:5      | Noticed Duvessa
  3521 | D:5      | Noticed Dowan
  3522 | D:5      | 3522 ||| RETREEEEATING.
  3523 | D:5      | 3523 ||| RETREEEEATING.
  3524 | D:5      | 3524 ||| RETREEEEATING.
  3543 | D:5      | Killed Duvessa
  3544 | D:5      | Reached skill level 6 in Ranged Weapons
  3544 | D:5      | Reached XP level 6. HP: 19/30 MP: 2/7
  3548 | D:5      | HP: 6/30 [burnt (4)]
  3549 | D:5      | 3549 ||| READING 2 scrolls of teleportation.
  3550 | D:5      | 3550 ||| DRINKING potion of heal wounds.
  3555 | D:5      | HP: 5/30 [burnt (4)]
  3556 | D:5      | 3556 ||| READING scroll of teleportation.
  3556 | D:5      | HP: 2/30 [burnt (3)]
  3557 | D:5      | Incinerated by a bombardier beetle

Levels and vault maps discovered:
D:1:      dpeg_arrival_solitude, layout_basic
D:2:      layout_loops_corners, serial_forest, infiniplex_forest_straight_5,
          infiniplex_forest_clump_double, infiniplex_forest_clump_long,
          infiniplex_forest_straight_2, infiniplex_forest_clump_small,
          infiniplex_forest_end_3, feat_on_display
D:3:      layout_loops_ring, mainiacjoe_overflow_alcove_2, zin_academy
D:4:      layout_gridville, minmay_temple_entry_wispy, serial_forest,
          infiniplex_forest_lined_3_way, infiniplex_forest_clump_medium,
          infiniplex_forest_lined_ring, infiniplex_forest_straight_2,
          infiniplex_forest_straight_4, infiniplex_forest_join,
          infiniplex_forest_lined_2, serial_shops, shop,
          kennysheep_generic_room_15
D:5:      gammafunk_cloud_chamber, layout_cave_pools, general_overflow_altar,
          uniq_duvessa, uniq_edmund, uniq_blork_the_orc, uniq_crazy_yiuf_cottage
Temple:   corrupted_temple

Skill      XL: |  1  2  3  4  5 |
---------------+----------------+-----
Dodging        | 3 4 5 |  5.0
Ranged Weapons | 5 6 |  6.5
Fighting       | 2 |  2.0
Stealth        | |  1.5

Action                     |  1- 3 |  4- 6 || total
---------------------------+-------+-------++-------
   Fire: Shortbow          |   143 |   162 ||   305
    Use: Scroll            |     3 |     7 ||    10
         Potion            |       |     2 ||     2
 Armour: Robe              |    12 |    26 ||    38
  Dodge: Dodged            |    56 |   123 ||   179

Table legend:
 A = Non-vault XP
 B = Vault XP
 C = Vault XP percentage of total XP
 D = Non-vault monster count
 E = Vault monster count
 F = Vault count percentage of total count
                 A         B        C        D         E       F
            +---------+---------+-------+---------+---------+-------
      Total |     327 |     149 |  31.3 |      96 |       2 |   2.0
            +---------+---------+-------+---------+---------+-------
        D:1 |      58 |       0 |   0.0 |      33 |       0 |   0.0
        D:2 |      45 |       0 |   0.0 |      23 |       0 |   0.0
        D:3 |      70 |       0 |   0.0 |      20 |       0 |   0.0
        D:4 |     109 |       2 |   1.8 |      19 |       1 |   5.0
        D:5 |      45 |     147 |  76.6 |       1 |       1 |  50.0
            +---------+---------+-------+---------+---------+-------
